Map: 블루시프트 - 래더

Players

aLive

  • Race: Terran Terran
  • League: Grandmaster
  • Spawn Location: 7:00

soO - Winner!

  • Race: Zerg Zerg
  • Spawn Location: 1:00

Event: IEM Season 13 - Katowice Server Qualifiers Asia 1

VOD

Have the link to the VOD?

Description

Time

  • Played on: Jan. 14, 2019, 5:56 a.m.
  • Length: 12:30

All games in this series

Show
View Real Time Build Order
Export as new Build Order

aLive Terran 

Build Orders: Gas First Reaper Expand, Hellion Banshee 

Get SALT Encoding   

  12  0:00  SCV  
  13  0:13  SCV  
  14  0:16  Supply Depot  
  14  0:25  SCV  
  15  0:28  Refinery  
  15  0:38  SCV  
  16  0:44  Barracks  
  16  0:50  SCV  
  17  1:02  SCV  
  18  1:14  SCV  
  19  1:31  Reaper, Orbital Command  
  20  1:42  Command Center  
  20  1:55  Factory  
  20  1:57  SCV  
  21  2:04  Refinery  
  21  2:05  Barracks Reactor  
  21  2:09  SCV  
  22  2:17  Supply Depot  
  22  2:21  SCV  
  23  2:41  Starport  
  23  2:44  SCV  
  24  2:49  Hellion x2  
  28  2:55  Orbital Command  
  28  2:57  SCV  
  29  3:08  Barracks Tech Lab  
  29  3:09  SCV  
  30  3:14  Hellion x2  
  34  3:22  SCV  
  35  3:33  Marine, Banshee  
  38  3:36  SCV x2  
  40  3:44  Supply Depot  
  40  3:46  Hellion x2  
  44  3:49  SCV  
  44  3:50  SCV  
  46  4:04  Barracks Tech Lab  
  46  4:06  SCV x2  
  46  4:08  Supply Depot  
  48  4:18  Command Center  
  48  4:23  SCV x2  
  50  4:28  Factory Reactor  
  50  4:32  Stimpack  
  50  4:33  Barracks  
  50  4:35  Barracks, SCV  
  50  4:36  SCV  
  52  4:39  Starport Reactor  
  52  4:45  Engineering Bay  
  52  4:49  SCV x2, Engineering Bay  
  54  4:54  Marine  
  55  5:02  SCV x2  
  57  5:14  Terran Infantry Armor Level 1, Supply Depot, Terran Infantry Weapons Level 1  
  57  5:15  Marine  
  57  5:17  Siege Tank  
  57  5:20  SCV x2  
  61  5:22  Bunker  
  61  5:32  Orbital Command  
  61  5:34  Barracks  
  61  5:35  Barracks, SCV x2  
  63  5:37  Refinery  
  63  5:40  Refinery  
  63  5:44  Marine x5  
  63  5:48  SCV x2  
  70  5:54  Supply Depot, Medivac x2  
  70  5:56  Orbital Command  
  74  6:02  Supply Depot  
  74  6:07  Marine, SCV x2  
  74  6:08  Marine x3  
  74  6:09  Marine  
  74  6:11  Siege Tank  
  84  6:19  SCV x2  
  84  6:24  SCV  
  87  6:29  Armory  
  87  6:30  Supply Depot  
  87  6:31  SCV x2  
  89  6:33  Barracks Reactor x2  
  89  6:35  Marine x4  
  89  6:36  Combat Shield  
  89  6:39  Marine  
  94  6:40  SCV  
  94  6:43  SCV x2  
  94  6:45  Medivac  
  94  6:46  Medivac  
  101  6:54  Supply Depot  
  101  6:55  Siege Tank, Supply Depot  
  101  6:58  SCV x3  
  107  7:06  Supply Depot  
  107  7:10  Marine  
  107  7:11  Marine  
  109  7:16  Marine x7  
  109  7:19  Terran Infantry Weapons Level 2  
  116  7:27  Terran Infantry Armor Level 2  
  116  7:28  Marine x2  
  118  7:33  Marine x5  
  123  7:38  SCV x3  
  126  7:46  Drilling Claws  
  126  7:49  Marine x4, Refinery x2  
  126  7:50  SCV x2  
  126  7:51  SCV  
  133  7:54  Missile Turret  
  133  7:55  Missile Turret  
  133  7:56  Missile Turret  
  133  8:03  Marine x5  
  133  8:05  Supply Depot  
  138  8:06  Supply Depot  
  138  8:07  Marine x2, Supply Depot  
  138  8:09  Factory  
  140  8:16  SCV  
  141  8:23  Marine x2, SCV  
  141  8:26  Marine x5  
  149  8:27  SCV, Siege Tank  
  149  8:29  SCV  
  136  8:37  Marine x2  
  136  8:40  Marine x2  
  132  8:44  Marine x3  
  132  8:45  Marauder  
  103  8:50  Marine  
  103  8:52  Factory Reactor  
  103  8:54  Medivac x2  
  103  8:55  Marine x2  
  101  8:58  Marine x2  
  101  9:02  Marine x3, Command Center  
  102  9:03  Widow Mine  
  102  9:08  Terran Vehicle And Ship Armor Level 1  
  102  9:09  Missile Turret  
  104  9:16  Barracks x2  
  104  9:17  Barracks  
  104  9:22  Marine x2  
  104  9:23  Marine x7  
  113  9:28  Widow Mine  
  116  9:31  Widow Mine x2  
  116  9:34  Medivac x2  
  116  9:37  Terran Infantry Weapons Level 3  
  112  9:49  Marine x6  
  112  9:50  Marine x2  
  112  9:51  Marauder  
  122  9:55  Widow Mine x3  
  122  10:14  Marine x7, Marauder  
  122  10:15  Marine, Barracks Tech Lab x2  
  122  10:16  Barracks Reactor  
  122  10:20  Missile Turret  
  132  10:22  Missile Turret  
  132  10:26  Widow Mine x3  
  138  10:38  Missile Turret  
  137  10:42  Missile Turret  
  137  10:43  Planetary Fortress  
  137  10:45  Missile Turret  
  137  10:46  Concussive Shells, Marauder x3  
  143  10:57  Widow Mine  
  143  10:58  Widow Mine x2  
  145  11:15  Marauder  
  145  11:16  Supply Depot  
  145  11:18  Supply Depot x3  
  147  11:19  Supply Depot  
  147  11:22  SCV  
  148  11:26  Marauder  
  148  11:35  Unknown x4  
  148  11:38  Marine x2  
  148  11:39  Marine x9, SCV x3  
  155  11:40  Marauder  
  155  11:44  Widow Mine x3, Medivac x2  
  142  11:47  Marine  
  142  11:51  Supply Depot  
  142  11:52  Supply Depot  
  142  11:53  Supply Depot  
  130  12:04  Marine x8, Marauder x2  
  130  12:05  Marauder  
Show
View Real Time Build Order
Export as new Build Order

soO Zerg - Winner!

Build Orders: Hatch First, Muta Ling Bane 

Get SALT Encoding   

  12  0:00  Drone  
  13  0:12  Overlord  
  13  0:16  Drone  
  14  0:30  Drone x2  
  14  0:34  Drone  
  17  0:50  Hatchery  
  17  0:53  Drone  
  17  0:57  Drone  
  18  1:07  Extractor  
  17  1:12  Spawning Pool  
  17  1:14  Drone  
  17  1:18  Drone  
  18  1:28  Drone  
  19  1:39  Overlord  
  19  1:58  Drone  
  19  1:59  Queen  
  19  2:00  Zergling x2  
  23  2:01  Queen  
  23  2:02  Zergling x2  
  23  2:07  Metabolic Boost  
  26  2:12  Drone  
  26  2:13  Drone  
  28  2:22  Drone  
  29  2:24  Drone  
  30  2:33  Drone  
  31  2:39  Queen, Drone  
  31  2:43  Overlord  
  33  2:46  Drone  
  34  2:59  Hatchery  
  34  3:01  Overlord  
  33  3:06  Drone  
  33  3:07  Drone  
  33  3:08  Drone  
  33  3:11  Drone x2  
  38  3:13  Drone  
  38  3:17  Queen  
  41  3:29  Zergling x4  
  41  3:31  Drone  
  41  3:32  Overlord  
  44  3:40  Overlord  
  44  3:41  Drone x4  
  48  3:51  Drone  
  48  3:53  Queen  
  51  3:56  Roach Warren  
  51  3:57  Lair  
  51  3:58  Drone  
  51  4:04  Drone  
  51  4:06  Drone  
  51  4:07  Extractor x2, Drone  
  52  4:12  Drone  
  53  4:17  Drone x3  
  53  4:24  Zergling x4  
  58  4:28  Overlord  
  58  4:29  Spore Crawler  
  58  4:31  Spore Crawler, Drone  
  57  4:38  Roach x4  
  65  4:45  Overlord, Spore Crawler  
  65  4:48  Drone  
  65  4:49  Drone x3  
  68  4:59  Drone x2  
  70  5:00  Overseer  
  70  5:03  Drone x3  
  70  5:04  Drone x3  
  76  5:07  Drone  
  76  5:14  Drone x4  
  81  5:21  Spore Crawler  
  81  5:22  Overlord  
  81  5:24  Evolution Chamber x2  
  81  5:25  Drone  
  81  5:26  Drone  
  81  5:27  Drone  
  81  5:41  Drone x2  
  81  5:42  Drone x7  
  89  5:44  Extractor  
  89  5:46  Extractor  
  87  5:51  Zerg Ground Armor Level 1, Zerg Melee Weapons Level 1  
  87  5:54  Baneling Nest, Drone  
  87  6:05  Drone x2  
  87  6:10  Hatchery, Spire  
  87  6:15  Drone x2  
  87  6:17  Overlord, Extractor  
  89  6:18  Drone  
  89  6:22  Overlord  
  89  6:31  Overlord x2  
  89  6:34  Overlord  
  89  6:36  Hatchery, Drone  
  89  6:37  Zergling x12  
  89  6:38  Ravager x2  
  89  6:39  Centrifical Hooks  
  97  6:41  Drone  
  98  6:48  Drone x2  
  98  6:50  Zergling x2  
  98  6:51  Zergling x8  
  98  6:52  Ravager x2  
  107  6:57  Zergling x2  
  107  6:58  Zergling x4  
  110  7:03  Zergling x6  
  113  7:09  Overlord  
  113  7:16  Zergling x14  
  120  7:26  Mutalisk x6  
  128  7:30  Mutalisk x2  
  128  7:31  Mutalisk  
  128  7:33  Zerg Flyer Weapons Level 1  
  134  7:41  Overlord  
  134  7:42  Overlord x3  
  134  7:48  Zerg Ground Armor Level 2  
  134  7:54  Drone  
  134  7:55  Drone x6  
  134  7:56  Baneling x8  
  141  8:01  Zergling x12  
  141  8:02  Zergling x4  
  141  8:04  Overlord  
  149  8:07  Baneling x7  
  149  8:08  Zergling x2, Baneling  
  149  8:09  Zergling x8  
  149  8:11  Overlord  
  154  8:15  Zergling x8  
  154  8:17  Zergling x4  
  154  8:19  Baneling x3  
  155  8:27  Zergling x2  
  155  8:28  Zergling x6  
  155  8:31  Zergling x4  
  137  8:45  Mutalisk  
  137  8:46  Mutalisk x2  
  137  8:47  Zergling x2  
  137  8:48  Zergling x18  
  139  9:02  Drone x3  
  142  9:06  Zergling x16  
  150  9:12  Extractor  
  150  9:13  Baneling x7  
  150  9:14  Baneling x7  
  150  9:15  Zerg Melee Weapons Level 2  
  149  9:18  Zergling x6  
  149  9:20  Hatchery  
  149  9:22  Baneling  
  149  9:23  Baneling x4  
  151  9:32  Drone x3  
  151  9:34  Overlord x2  
  151  9:35  Zergling x14  
  158  9:46  Mutalisk  
  158  9:47  Mutalisk x3  
  166  9:57  Zergling x24, Infestation Pit  
  177  10:00  Zerg Flyer Weapons Level 2  
  171  10:30  Zergling x36  
  171  10:35  Hive  
  189  10:37  Baneling x4  
  189  10:39  Drone  
  189  10:40  Drone x5  
  195  10:53  Pneumatized Carapace  
  195  10:56  Baneling x17  
  195  10:57  Baneling x2, Overseer  
  193  11:10  Zergling x20  
  200  11:14  Burrow  
  200  11:19  Extractor  
  200  11:22  Baneling x8  
  199  11:32  Drone  
  195  11:45  Zergling x2  
  195  11:46  Zergling x18  
  200  11:51  Baneling x5  
  200  11:52  Baneling x6  
  165  12:09  Zergling x38  
  165  12:10  Zergling x20  

Tags
 
Add a new tag
Caveats
  • Supply blocks, unpowered buildings, or Contaminate may cause inaccurate times.
  • Supply counts are checked every 10 seconds.